cohdb
Replays
Latest Replays
All Replays
Popular Replays
Top Player Replays
Match Explorer
How It Works
Community
CoH3 Stats
Reddit
Sign in to upload your games and track your stats! →
Sign in with Steam
Match 44143237
Unlisted
Match 44143237
Overview
Messages
Build Orders
End
Construct Barracks
Scout Squad
Selects Armored Battlegroup
Selects Veteran Crews
1⁄4-ton 4x4 Truck
Riflemen Squad
Riflemen Squad
Riflemen Squad
Riflemen Squad
Grenade Package
Infantry Support Center
Construct Medical Station
Construct Motor Pool
Selects Strength in Steel
M1 Anti-tank Gun Team
Riflemen Squad
M1918 Browning Automatic Rifles
Riflemen Squad
Advanced Logistics
M1 Anti-tank Gun Team
Selects Seek and Destroy
Riflemen Squad
M1 Anti-tank Gun Team
MähnGiL
Barbarossa
0
0
Comments
sign in to comment!
No comments posted yet!